 Dungeon Crawl Stone Soup version 0.18-a0-1764-gf4ddf0b (webtiles) character file.

199 M4edhros the Conjurer (level 5, -14/48 HPs)
             Began as an Ogre Wanderer on Apr 13, 2016.
             Demolished by an ogre
             ... wielding a +0 giant club
              (27 damage)
             ... on level 4 of the Dungeon.
             The game lasted 00:09:53 (3872 turns).

M4edhros the Conjurer (Ogre Wanderer)               Turns: 3872, Time: 00:09:54

Health: -14/48     AC:  7    Str: 19    XL:     5   Next: 77%
Magic:  8/8        EV:  9    Int:  8    God:
Gold:   109        SH:  0    Dex: 11    Spells: 2 memorised, 5 levels left

rFire  . . .     SeeInvis .     n - +0 blowgun
rCold  . . .     Gourm    .     d - +0 robe
rNeg   . . .     Faith    .     (no shield)
rPois  .         Spirit   .     s - +0 hat
rElec  .         Dismiss  .     g - +1 cloak
rCorr  .         Reflect  .     (gloves unavailable)
SustAt .         Harm     .     (boots unavailable)
MR     .....     Rnd*Tele +     (no amulet)
Stlth  +.........               (no ring)
                                e - ring of flight

@: not resistant to hostile enchantments, very unstealthy
A: unfitting armour, talons 1, thin metallic scales 1, teleportitis 1, tough
skin 1
a: Evoke Flight


You were on level 4 of the Dungeon.
You were not hungry.

You visited 1 branch of the dungeon, and saw 4 of its levels.

You collected 109 gold pieces.

Inventory:

Hand Weapons
 l - a +0 hunting sling
 n - a +0 blowgun (weapon)
 q - a +1 war axe
Missiles
 k - 98 stones
 p - 19 sling bullets
 r - 7 poisoned needles (quivered)
Armour
 d - a +0 robe (worn)
 g - a +1 cloak (worn)
 o - a +0 buckler
 s - a +0 hat (worn)
Jewellery
 e - a ring of flight (left hand)
Scrolls
 h - 4 scrolls of remove curse
 i - a scroll of random uselessness
 t - a scroll of teleportation
 u - a scroll of magic mapping
Potions
 b - 2 potions of lignification
 c - a potion of curing
Books
 a - a book of Conjurations

   Spells                             Type                      Level
   a - Magic Dart                     Conjuration                  1
   b - Searing Ray                    Conjuration                  2
   c - Dazzling Spray                 Conjuration/Hexes            3
   d - Fulminant Prism                Conjuration/Hexes            4
   e - Iskenderun's Mystic Blast      Conjuration                  4
   f - Iskenderun's Battlesphere      Conjuration/Charms           5
Comestibles
 f - a bread ration
 j - 2 chunks of flesh
 m - a slice of pizza


   Skills:
 - Level 1.3 Fighting
   Level 1.0 Staves
 + Level 0.9(1.0) Slings
 - Level 1.0(1.3) Throwing
 - Level 1.0 Dodging
   Level 1.0 Shields
 - Level 2.0 Spellcasting
 * Level 4.2 Conjurations
   Level 1.3 Poison Magic


You had 5 spell levels left.
You knew the following spells:

 Your Spells              Type           Power        Failure   Level  Hunger
a - Searing Ray           Conj           #.....       12%         2    ###....
b - Magic Dart            Conj           #...         10%         1    ##.....


Dungeon Overview and Level Annotations

Branches:
Dungeon (4/15)
 Temple: D:4-7

Altars:
Elyvilon
Zin
The Shining One


Innate Abilities, Weirdness & Mutations

You are too large for most types of armour.
You have tough skin (AC +1).
You have sharp toenails.
You are partially covered in thin metallic scales (AC +2).
You are occasionally teleported next to monsters.


Message History

You shoot a poisoned needle.
The poisoned needle barely misses the ogre.
The ogre hits you with a giant club!
* * * LOW HITPOINT WARNING * * *
You are too injured to fight recklessly!
You are too injured to fight recklessly!
Firing (i - inventory. (,) - cycle):
r - 9 poisoned needles (quivered)
Press: ? - help, Shift-Dir - straight line, f/p - ogre
Aim: an ogre, wielding a giant club (severely wounded)
You shoot a poisoned needle. The poisoned needle hits the ogre.
The ogre is poisoned.
The ogre is severely wounded.
Firing (i - inventory. (,) - cycle):
r - 8 poisoned needles (quivered)
Press: ? - help, Shift-Dir - straight line, f/p - ogre
Aim: an ogre, wielding a giant club (severely wounded, poisoned)
You shoot a poisoned needle.
The poisoned needle barely misses the ogre.
The ogre hits you with a giant club!!
Ouch! That really hurt!
You die...

###.### ###.# .# ## ####..# #.##
.## ##. .# #..# ##.#####..# #..
.###..# ### ###........# #.
..##..######.###...####...## #.
...................# ##†..<# ##
#.##........#......# #....## ##
.###.##..##.###....###....# ##.
.###.#....#.# #.@..##....## #..
..#..#....#O###O.#.......### ##..
#....####.#..#(.####.......###.##
..##.#....#..(..# ##.####....###
.....######.##.## #.# ###.##
#...........#..# #.# ##.###
#.........##..## #.# #...##
#...###....... ... #..#... ..###
........ ##. ....####.


You could see an ogre.

Vanquished Creatures
  A worker ant (D:4)
  A mummy (D:4)
  8 adders
  An ooze (D:2)
  2 worms (D:2)
  2 dart slugs
  4 giant geckos
  3 orcs (D:3)
  3 giant cockroaches
  9 goblins
  4 hobgoblins
  4 jackals
  6 kobolds
  2 quokkas
  11 bats
  3 giant newts
  A hobgoblin zombie (D:4)
  3 orc zombies (D:4)
  6 rats
74 creatures vanquished.

Notes
Turn   | Place    | Note
--------------------------------------------------------------
     0 | D:1      | M4edhros the Ogre Wanderer began the quest for the Orb.
     0 | D:1      | M4edhros set off with: a book of Conjurations, a potion of lignification, a potion of curing, a +0 robe, a +0 club, a bread ration
     0 | D:1      | Reached XP level 1. HP: 19/19 MP: 1/1
   175 | D:1      | Reached skill level 1 in Spellcasting
   191 | D:1      | Reached XP level 2. HP: 19/27 MP: 2/4
   277 | D:1      | Learned a level 2 spell: Searing Ray
   666 | D:1      | Learned a level 1 spell: Magic Dart
   831 | D:2      | Reached XP level 3. HP: 28/33 MP: 1/6
  1311 | D:2      | Reached skill level 3 in Conjurations
  1729 | D:2      | Reached XP level 4. HP: 41/41 MP: 7/7
  2078 | D:2      | Gained mutation: You are partially covered in thin metallic scales (AC +2). [potion of mutation]
  2078 | D:2      | Gained mutation: You are occasionally teleported next to monsters. [potion of mutation]
  2078 | D:2      | Gained mutation: You have sharp toenails. [potion of mutation]
  2400 | D:3      | Reached XP level 5. HP: 36/48 MP: 8/8
  2845 | D:3      | Found a glowing golden altar of the Shining One.
  2845 | D:3      | Found a white marble altar of Elyvilon.
  2845 | D:3      | Found a glowing silver altar of Zin.
  2978 | D:3      | Reached skill level 4 in Conjurations
  3745 | D:4      | Noticed an ogre
  3755 | D:4      | HP: 2/48 [ogre/giant club (24)]
  3872 | D:4      | Demolished by an ogre

Vault maps used:
D:1:      evilmike_arrival_home_sweet_home, roderic_roman_lattice,
          minmay_misc_feat_columns
D:3:      good_gods_mini_temple, kennysheep_boxes
D:4:      first_bread, minmay_mini_ossuary

Skill      XL: |  1  2  3  4  5 |
---------------+----------------+-----
Spellcasting   | 1 2 |  2.0
Conjurations   | 3 4 |  4.2
Fighting       | |  1.3
Staves         | |  1.0
Slings         | |  0.9
Throwing       | |  1.0
Dodging        | |  1.0
Shields        | |  1.0
Poison Magic   | |  1.3

Action                   |  1- 3 |  4- 6 || total
-------------------------+-------+-------++-------
Melee: Hand axe          |    65 |       ||    65
       War axe           |    18 |    75 ||    93
       Kick              |       |     5 ||     5
 Fire: Hunting sling     |       |   119 ||   119
       Blowgun           |       |     6 ||     6
 Cast: Magic Dart        |    20 |     4 ||    24
  Use: Potion            |     3 |     3 ||     6
       Scroll            |     5 |     3 ||     8
 Stab: Sleeping          |       |     1 ||     1
  Eat: Chunk             |     1 |     4 ||     5
       Meat ration       |     1 |       ||     1
       Pizza             |       |     1 ||     1
Armor: Robe              |    52 |    81 ||   133
Dodge: Dodged            |    58 |    83 ||   141
